 Dungeon Crawl Stone Soup version 0.16-a0-4123-g49b462e (webtiles) character file.

47 brotzeit the Ruffian (level 3, -2/28 HPs)
             Began as a Draconian Transmuter on Mar 2, 2015.
             Killed by divine providence
             ... invoked by an orc priest
              (15 damage)
             ... on level 3 of the Dungeon.
             The game lasted 00:07:50 (1968 turns).

brotzeit the Ruffian (Draconian Transmuter)         Turns: 1968, Time: 00:07:51

Health: -2/28      AC:  5    Str: 12    XL:     3   Next: 48%
Magic:  0/6        EV: 12    Int: 14    God:
Gold:   101        SH:  0    Dex: 11    Spells: 2 memorised, 3 levels left

rFire  . . .     SeeInvis .       - Unarmed
rCold  . . .     Clarity  .     (armour unavailable)
rNeg   . . .     SustAb   .     (no shield)
rPois  .         Gourm    .     (helmet restricted)
rElec  .         Spirit   .     (no cloak)
rCorr  .         Warding  .     (no gloves)
rMut   .         Stasis   .     (no boots)
MR     .....                    (no amulet)
Stlth  +.........               (no ring)
                                (no ring)

@: not resistant to hostile enchantments, very unstealthy
A: unfitting armour, cold-blooded, AC +5
a: no special abilities


You were on level 3 of the Dungeon.
You were hungry.

You visited 1 branch of the dungeon, and saw 3 of its levels.

You collected 101 gold pieces.

Inventory:

Missiles
 b - 38 arrows
 c - 118 stones (quivered)
 l - 8 arrows of flame
 m - 15 poisoned needles
Scrolls
 e - 2 scrolls of amnesia {unknown}
 f - 3 scrolls of identify
 i - 4 scrolls of remove curse
 j - a scroll of recharging {unknown}
 o - a scroll of teleportation {unknown}
 p - a scroll of noise {unknown}
 r - a scroll of fog {unknown}
Potions
 k - a potion of magic
 q - 3 potions of curing {unknown}
 s - 2 potions of haste {unknown}
 u - 2 potions of mutation {unknown}
 v - a potion of restore abilities {unknown}
Books
 d - a book of Changes

   Spells                             Type                      Level
   a - Beastly Appendage              Transmutation                1
   b - Sticks to Snakes               Transmutation                2
   c - Spider Form                    Transmutation/Poison         3
   d - Ice Form                       Ice/Transmutation            4
   e - Blade Hands                    Transmutation                5
Comestibles
 a - 2 bread rations
 n - a meat ration


   Skills:
 + Level 1.3 Fighting
 + Level 1.9 Dodging
 * Level 3.5 Unarmed Combat
 + Level 2.3 Spellcasting
 * Level 2.8 Transmutations


You had 3 spell levels left.
You knew the following spells:

 Your Spells              Type           Power        Failure   Level  Hunger
a - Beastly Appendage     Trmt           #.....       10%         1    #......
b - Sticks to Snakes      Trmt           #.........   14%         2    ###....


Dungeon Overview and Level Annotations

Branches:
Dungeon (3/15)

Altars:
Okawaru


Innate Abilities, Weirdness & Mutations

Your plain brown scales are hard (AC +5).
Your body does not fit into most forms of armour.
Your cold-blooded metabolism reacts poorly to cold.


Message History

The orc priest invokes the aid of Beogh against you.
Something smites you!
Ouch! That really hurt!
The orc hits your adder with a club.
Your adder bites the orc.
Read which item? (? for menu, Esc to quit)
As you read the scroll labeled IJYAXTOPPU, it crumbles to dust.
You feel blessed for a moment.
It was a scroll of remove curse.
Your adder bites the orc but does no damage.
The orc wizard mumbles some strange words.
The orc wizard seems to speed up.
The orc closely misses your adder.
Your adder barely misses the orc. x2
Read which item? (? for menu, Esc to quit)
As you read the scroll labeled SHIURI NUOKK, it crumbles to dust.
It is a scroll of identify.
Identify which item? (\ to view known items) (? for menu, Esc to quit)
k - a potion of magic The orc priest calls down the wrath of Beogh upon you.
Something smites you!
Ouch! That really hurt!
You die...

..# ... #o#
#o# #g# #o#
### #o###....
#.##SS.......
#...@.....#
###########


You could see an orc priest, an orc wizard, 2 orcs, a goblin and 2 friendly
adders.

Vanquished Creatures
  A giant mite (D:2)
  A giant gecko (D:1)
  A giant cockroach (D:1)
  5 goblins
  A hobgoblin (D:1)
  4 jackals (D:1)
  6 kobolds
  An ooze (D:1)
  5 bats
  2 giant newts
  3 rats (D:1)
30 creatures vanquished.

Vanquished Creatures (collateral kills)
  An adder (D:2)
  An orc (D:2)
2 creatures vanquished.

Grand Total: 32 creatures vanquished

Notes
Turn   | Place    | Note
--------------------------------------------------------------
     0 | D:1      | brotzeit, the Draconian Transmuter, began the quest for the Orb.
     0 | D:1      | Reached XP level 1. HP: 16/16 MP: 3/3
   168 | D:1      | Reached XP level 2. HP: 15/23 MP: 2/4
   172 | D:1      | Learned a level 2 spell: Sticks to Snakes
   941 | D:2      | Reached XP level 3. HP: 23/28 MP: 4/6
   960 | D:2      | Found an iron altar of Okawaru.
  1163 | D:3      | Noticed Robin
  1187 | D:3      | Noticed an orc warrior
  1968 | D:3      | Killed from afar by an orc priest

Action                   || total
-------------------------++-------
Melee: Unarmed           ||   111
Throw: Stone             ||     9
 Cast: Beastly Appendage ||    14
       Sticks to Snakes  ||    14
  Use: Scroll            ||     2
 Stab: Sleeping          ||     1
  Eat: Pizza             ||     1
       Beef jerky        ||     1
       Chunk             ||     1
